 Dungeon Crawl Stone Soup version 0.17-a0-1691-g18a3847 (console) character file.

422 Monkaria the Covert (level 6, -4/28 HPs)
             Began as a Felid Chaos Knight on Aug 19, 2015.
             Slain by an ogre
             ... wielding a cursed +0 giant spiked club
              (28 damage)
             ... on level 5 of the Dungeon.
             The game lasted 00:08:05 (5351 turns).

Monkaria the Covert (Felid Chaos Knight)            Turns: 5351, Time: 00:08:06

Health: -4/28      AC:  5    Str: 10    XL:     6   Next: 63%
Magic:  7/7        EV: 21    Int: 14    God:    Xom [...*..]
Gold:   347        SH:  2    Dex: 15    Spells: 0 memorised, 5 levels left
                                        Lives:  0   Deaths: 1

rFire  + . .     SeeInvis +       - Unarmed
rCold  + . .     Clarity  +     (armour unavailable)
rNeg   + . .     SustAt   .     (shield unavailable)
rPois  .         Gourm    .     (helmet unavailable)
rElec  .         Spirit   .     (cloak unavailable)
rCorr  .         Warding  .     (gloves unavailable)
rMut   .         Stasis   .     (boots unavailable)
MR     +....                    (no amulet)
Stlth  +++++.....               l - ring of positive energy
                                b - ring of protection from magic

@: quick, somewhat resistant to hostile enchantments, quite stealthy
A: no armour, no weapons or thrown items, claws 1, fangs 3, large bone plates 1,
see invisible, breathe flames 1, carnivore 3, clarity, fire resistance 1, speed
1, screaming 1, shaggy fur 3, slow metabolism 1, sharp paws
a: Renounce Religion, Breathe Fire


You were on level 5 of the Dungeon.
You worshipped Xom.
You were a favourite toy of Xom.
You were very full.

You visited 1 branch of the dungeon, and saw 5 of its levels.

You collected 347 gold pieces.

Inventory:

Jewellery
 b - a ring of protection from magic (left paw)
 l - a ring of positive energy (right paw)
Magical devices
 d - a wand of disintegration (9)
 j - a wand of polymorph (0)
Scrolls
 c - a scroll of remove curse
 e - 2 scrolls of identify
 g - a scroll of fear
 k - a scroll of magic mapping {unknown}
 m - 2 scrolls of enchant armour {unknown}
 n - 2 scrolls of enchant weapon {unknown}
 r - a scroll of immolation {unknown}
 t - a scroll of recharging {unknown}
Potions
 h - 2 potions of ambrosia
 o - a potion of flight
Books
 i - a book of the Warp

   Spells                             Type                      Level
   a - Recall                         Summoning/Translocation      3
   b - Gell's Gravitas                Hexes/Translocation          3
   c - Force Lance                    Conjuration/Translocation    4
   d - Phase Shift                    Translocation                5
   e - Warp Weapon                    Charms/Translocation         5
   f - Summon Forest                  Summoning/Translocation      5
 p - a book of Frost

   Spells                             Type                      Level
   a - Freeze                         Ice                          1
   b - Throw Frost                    Conjuration/Ice              2
   c - Ozocubu's Armour               Charms/Ice                   3
   d - Throw Icicle                   Conjuration/Ice              4
   e - Summon Ice Beast               Ice/Summoning                4
   f - Condensation Shield            Ice                          4
Comestibles
 a - 3 meat rations
 f - a royal jelly
 q - a beef jerky
 s - 2 chunks of flesh


   Skills:
 - Level 3.0 Fighting
 * Level 6.3 Dodging
 + Level 8.3 Stealth
 - Level 4.0 Unarmed Combat


You had 5 spell levels left.
You didn't know any spells.

Dungeon Overview and Level Annotations

Branches:
Dungeon (5/15)
 Temple: D:4-7

Altars:
Elyvilon
Makhleb
Nemelex Xobeh
Ru
Trog
Xom


Innate Abilities, Weirdness & Mutations

You cannot wear armour.
You are incapable of wielding weapons or throwing items.
You have sharp claws.
You have razor-sharp teeth.
You have supernaturally acute eyesight.
You are carnivorous and can eat meat at any time.
You cover ground quickly.
Your thick and shaggy fur keeps you warm (AC +3, rC+).
You have a slow metabolism.
Your sharp claws are effective at attacking unaware monsters.
You are partially covered in large bone plates (AC +2, SH +2).
You can breathe flames.
You possess an exceptional clarity of mind.
Your flesh is heat resistant.
You occasionally shout uncontrollably at your foes.


Message History

The worker ant completely misses you.
You scratch the worker ant.
The worker ant is severely wounded.
The worker ant misses you.
You claw the worker ant!
You kill the worker ant!
You scratch the ogre.
The ogre is lightly wounded.
The ogre completely misses you.
You scratch the ogre.
The ogre is lightly wounded.
The ogre misses you.
You scratch the ogre.
The ogre is moderately wounded.
You scratch the ogre but do no damage.
The ogre is moderately wounded.
The ogre hits you with a giant spiked club!!
Ouch! That really hurt!
You die...
Xom cackles wildly!

#...#.....
#...###.###. ..#
##'......... #.#
#.#...#### #.#
#...### #.# #.###
#.# #a# #.# #O# #.#
#@# ##.####.#####
#......)....#
#...........#
#...........#
#...........#
#...........#
######...........#
##................#


You could see an ogre and a worker ant.

Vanquished Creatures
  A centaur (D:4)
  Blork the orc (D:4)
  2 hounds
  A crimson imp (D:4)
  3 orc priests
  Natasha (thrice) (D:2)
  3 worker ants
  A hound zombie (D:5)
  3 adders
  A white imp (D:4)
  2 oozes (D:3)
  An adder zombie (D:5)
  4 worms
  A giant gecko (D:4)
  9 orcs
  6 bats
  3 giant cockroaches
  10 goblins
  9 hobgoblins
  7 jackals
  6 kobolds
  4 giant newts
  A quokka skeleton (D:4)
  6 rats
88 creatures vanquished.

Vanquished Creatures (collateral kills)
  An orc wizard (D:3)
  3 orcs (D:3)
  2 kobolds (D:3)
6 creatures vanquished.

Grand Total: 94 creatures vanquished

Notes
Turn   | Place    | Note
--------------------------------------------------------------
     0 | D:1      | Monkaria the Felid Chaos Knight began the quest for the Orb.
     0 | D:1      | Reached XP level 1. HP: 10/10 MP: 2/2
     9 | D:1      | Reached skill level 1 in Stealth
    35 | D:1      | XOM: silly message
    87 | D:1      | Reached XP level 2. HP: 11/14 MP: 3/3
    96 | D:1      | XOM: harmless Chrm miscast
   212 | D:1      | XOM: divination: magic mapping
   455 | D:1      | XOM: harmless Pois miscast
   690 | D:1      | XOM is BORED!
   690 | D:1      | XOM: mild Fire miscast
   887 | D:1      | Reached skill level 4 in Stealth
   887 | D:1      | Reached XP level 3. HP: 17/17 MP: 4/4
  1191 | D:2      | XOM: silly message
  1349 | D:2      | XOM: vitrification
  1400 | D:2      | XOM: god gift: runed quarterstaff {god gift}
  1561 | D:2      | XOM: god gift: leatherbound book {god gift}
  1595 | D:2      | Found a faded altar to an unknown god.
  1669 | D:2      | XOM: butterfly on damage
  1714 | D:2      | XOM: divination: detect items
  1761 | D:2      | Noticed Natasha
  1765 | D:2      | Killed Natasha
  1765 | D:2      | Reached skill level 5 in Stealth
  1765 | D:2      | Reached XP level 4. HP: 13/21 MP: 5/5
  1787 | D:2      | XOM: colour smoke trail
  1794 | D:2      | XOM: divination: magic mapping
  1868 | D:2      | Found a bloodstained altar of Trog.
  1925 | D:2      | XOM: butterfly on damage
  2007 | D:2      | Noticed Natasha
  2015 | D:2      | XOM: give mutations
  2015 | D:2      | Gained mutation: Your flesh is heat resistant. [Xom's grace]
  2015 | D:2      | Gained mutation: You are covered in thick fur (AC +2). [Xom's grace]
  2015 | D:2      | Gained mutation: You are partially covered in large bone plates (AC +2, SH +2). [Xom's grace]
  2015 | D:2      | Gained mutation: You possess an exceptional clarity of mind. [Xom's grace]
  2017 | D:2      | Killed Natasha
  2109 | D:2      | Reached skill level 6 in Stealth
  2336 | D:2      | Noticed Natasha
  2345 | D:2      | Killed Natasha
  2618 | D:3      | Reached XP level 5. HP: 24/24 MP: 6/6
  2699 | D:3      | Reached skill level 7 in Stealth
  3004 | D:3      | Reached skill level 8 in Stealth
  3009 | D:3      | XOM: vitrification
  3327 | D:4      | Noticed a centaur
  3328 | D:4      | XOM: butterfly on damage
  3414 | D:3      | XOM: summons 2 hostile demons
  3678 | D:4      | XOM: harmless Trmt miscast
  3738 | D:4      | Found a sparkling altar of Nemelex Xobeh.
  3738 | D:4      | Found a burning altar of Makhleb.
  3739 | D:4      | Found a sacrificial altar of Ru.
  3787 | D:4      | Found a white marble altar of Elyvilon.
  3863 | D:4      | Gained mutation: You occasionally shout uncontrollably at your foes. [potion of mutation]
  3863 | D:4      | Gained mutation: You can breathe flames. [potion of mutation]
  4010 | D:4      | XOM: summons 2 hostile demons
  4023 | D:4      | XOM: god gift: faintly glowing triple crossbow {god gift}
  4042 | D:4      | XOM: divination: detect creatures
  4093 | D:4      | Noticed Blork the orc
  4094 | D:4      | XOM: mild Air miscast
  4107 | D:4      | Killed Blork the orc
  4107 | D:4      | Gained mutation: Your thick and shaggy fur keeps you warm (AC +3, rC+). [Felid growth]
  4107 | D:4      | Reached XP level 6. HP: 23/28 MP: 7/7
  4326 | D:4      | HP: 1/28 [orc/trident of venom (9)]
  4327 | D:4      | Succumbed to an orc's poison
  4328 | D:4      | Reached XP level 5. HP: 0/24 MP: 6/6
  4831 | D:4      | Reached skill level 5 in Dodging
  4831 | D:4      | Reached XP level 6. HP: 25/28 MP: 7/7
  4836 | D:4      | XOM: cast spell 'Ice Form'
  4871 | D:4      | XOM: cast spell 'Shadow Creatures'
  4876 | D:4      | Killed a centaur
  4946 | D:4      | XOM: scenery: create altars
  4955 | D:4      | XOM: harmless Hex miscast
  5119 | D:5      | Entered Level 5 of the Dungeon
  5155 | D:4      | XOM: god gift: 38 gold pieces
  5343 | D:5      | XOM: enchant monster (good)
  5351 | D:5      | Slain by an ogre

Vault maps used:
D:1:      lightli_arrival_boilingwater, lemuel_another_geyser
D:2:      lemuel_crystal_altar, ecumenical_altar_1, uniq_natasha
D:4:      nicolae_overflow_quartered_altars, first_bread,
          minmay_fire_ice_demons, uniq_blork_the_orc
D:5:      st_stairs_3, uniq_pikel

Action                   |  1- 3 |  4- 6 || total
-------------------------+-------+-------++-------
Melee: Unarmed           |    97 |   236 ||   333
  Use: Scroll            |       |     7 ||     7
       Potion            |       |     3 ||     3
 Stab: Sleeping          |    15 |    13 ||    28
       Distracted        |       |     1 ||     1
  Eat: Chunk             |     9 |    12 ||    21
